Map: Frozen Temple

Players

Bails - Winner!

  • Race: Protoss Protoss
  • League: Grandmaster

KingLucky

  • Race: Protoss Protoss
  • League: Grandmaster

Event: Cheesadelphia Summer 2016

VOD

https://www.youtube.com/watch?v=FE9iBkw0ZlY

Description

Time

  • Played on: July 24, 2016, 1:29 p.m.
  • Length: 25:46

All games in this series

Show
View Real Time Build Order
Export as new Build Order

Bails Protoss - Winner!

Build Orders: Blink Stalkers 

Get SALT Encoding   

  12  0:00  Probe (Chrono Boost)  
  13  0:11  Probe (Chrono Boost)  
  14  0:17  Pylon  
  14  0:22  Probe (Chrono Boost)  
  15  0:35  Probe (Chrono Boost), Gateway  
  16  0:45  Probe (Chrono Boost)  
  16  0:47  Assimilator  
  17  0:52  Assimilator  
  17  0:56  Probe (Chrono Boost)  
  18  1:06  Probe (Chrono Boost)  
  18  1:08  Gateway  
  19  1:17  Probe (Chrono Boost)  
  20  1:23  Cybernetics Core  
  20  1:28  Probe (Chrono Boost)  
  21  1:38  Probe (Chrono Boost)  
  22  1:40  Pylon  
  22  1:45  Warp Gate  
  22  1:49  Probe (Chrono Boost)  
  23  1:59  Adept x2  
  29  2:10  Mothership Core (Chrono Boost)  
  29  2:15  Pylon  
  29  2:26  Stalker  
  31  2:33  Stalker  
  33  2:59  Nexus  
  33  3:03  Sentry  
  35  3:06  Sentry  
  37  3:15  Twilight Council  
  37  3:21  Pylon  
  38  3:27  Probe (Chrono Boost)  
  38  3:38  Probe (Chrono Boost)  
  38  3:39  Blink  
  39  3:44  Gateway  
  39  3:49  Probe (Chrono Boost)  
  40  4:01  Probe (Chrono Boost)  
  41  4:11  Probe (Chrono Boost)  
  41  4:13  Probe (Chrono Boost)  
  43  4:22  Robotics Facility  
  43  4:23  Probe (Chrono Boost)  
  44  4:25  Stalker  
  44  4:28  Sentry  
  44  4:29  Probe (Chrono Boost)  
  49  4:34  Pylon  
  50  4:39  Probe (Chrono Boost)  
  50  4:42  Stalker  
  50  4:45  Probe (Chrono Boost)  
  53  4:51  Probe (Chrono Boost)  
  54  4:54  Stalker  
  54  4:55  Probe (Chrono Boost)  
  54  4:59  Stalker  
  59  5:02  Probe (Chrono Boost)  
  61  5:07  Probe (Chrono Boost)  
  61  5:10  Observer, Assimilator  
  61  5:12  Probe (Chrono Boost)  
  63  5:19  Probe (Chrono Boost)  
  63  5:20  Assimilator  
  64  5:23  Probe (Chrono Boost), Pylon  
  64  5:24  Stalker  
  67  5:31  Probe (Chrono Boost), Forge  
  68  5:39  Probe (Chrono Boost), Immortal  
  73  5:44  Probe (Chrono Boost)  
  73  5:49  Protoss Ground Weapons Level 1  
  74  5:50  Probe (Chrono Boost)  
  74  5:54  Probe (Chrono Boost)  
  76  6:00  Pylon  
  76  6:18  Gateway, Nexus  
  76  6:22  Immortal  
  76  6:23  Probe (Chrono Boost), Sentry x2  
  85  6:33  Pylon  
  85  6:35  Pylon  
  85  6:39  Probe (Chrono Boost)  
  86  6:47  Gateway  
  86  6:53  Probe (Chrono Boost), Gateway  
  87  6:56  Gateway  
  87  6:59  Probe (Chrono Boost)  
  87  7:01  Resonating Glaives  
  88  7:06  Robotics Bay  
  89  7:09  Probe (Chrono Boost)  
  89  7:10  Stalker  
  91  7:19  Pylon  
  91  7:22  Stalker x2  
  95  7:25  Probe (Chrono Boost)  
  95  7:29  Pylon  
  96  7:31  Probe (Chrono Boost), Protoss Ground Weapons Level 2  
  96  7:33  Probe (Chrono Boost)  
  99  7:37  Probe (Chrono Boost)  
  99  7:39  Observer  
  99  7:42  Pylon  
  99  7:44  Probe (Chrono Boost), Adept x2  
  106  7:55  Disruptor  
  105  8:01  Adept x3  
  116  8:05  Pylon  
  116  8:06  Probe (Chrono Boost)  
  116  8:07  Probe x2 (Chrono Boost)  
  116  8:10  Sentry, Adept  
  121  8:13  Adept  
  123  8:20  Pylon  
  123  8:22  Adept x2  
  123  8:23  Adept  
  129  8:28  Assimilator  
  129  8:29  Probe (Chrono Boost)  
  129  8:30  Disruptor  
  129  8:32  Adept x2  
  134  8:37  Probe (Chrono Boost)  
  134  8:39  Probe (Chrono Boost)  
  139  8:46  Assimilator  
  139  8:49  Robotics Facility  
  139  8:50  Pylon  
  139  8:52  Stalker  
  139  8:53  Stalker  
  143  8:58  Adept x2  
  147  9:03  Disruptor  
  147  9:07  Photon Cannon  
  150  9:17  Adept x3  
  150  9:19  Pylon  
  150  9:21  Adept  
  158  9:24  Adept  
  158  9:30  Adept x2  
  164  9:32  Disruptor  
  164  9:33  Pylon  
  164  9:35  Pylon  
  164  9:36  Disruptor  
  170  9:56  Photon Cannon  
  170  9:57  Photon Cannon  
  170  10:01  Photon Cannon x2  
  170  10:03  Photon Cannon, Disruptor  
  170  10:13  Stalker  
  175  10:20  Templar Archives  
  175  10:21  Protoss Ground Weapons Level 3  
  175  10:23  Stalker x2  
  179  10:36  Nexus  
  179  10:38  Pylon  
  179  10:48  Adept x3  
  185  10:51  Adept  
  185  10:56  Adept  
  189  11:01  Disruptor  
  184  11:08  Adept x2  
  184  11:10  Adept  
  181  11:19  Adept x2  
  181  11:20  Adept  
  181  11:22  Disruptor  
  183  11:32  Disruptor  
  168  11:33  Mothership Core (Chrono Boost)  
  173  11:40  Probe x2 (Chrono Boost)  
  173  11:47  Stalker x2  
  173  11:48  Stalker  
  173  11:52  Probe (Chrono Boost)  
  173  11:53  Disruptor  
  180  11:57  Photon Cannon  
  183  12:03  Photon Cannon  
  183  12:08  Photon Cannon  
  183  12:15  Disruptor, Stargate  
  186  12:28  Adept x5  
  186  12:29  Disruptor  
  196  12:38  Adept x2  
  192  12:53  Adept x3  
  192  12:54  Adept  
  198  13:11  Photon Cannon  
  195  13:34  Oracle  
  198  14:06  Disruptor  
  198  14:09  Oracle  
  196  14:29  Assimilator x2, Pylon  
  196  14:44  Pylon  
  196  14:45  Oracle  
  196  14:46  Pylon  
  197  14:56  Protoss Air Weapons Level 1  
  197  15:08  Fleet Beacon  
  197  15:09  Stargate  
  197  15:13  Disruptor  
  188  15:27  Disruptor  
  175  15:41  Adept, Stargate  
  177  15:46  Disruptor  
  175  15:57  Nexus  
  175  15:58  Disruptor  
  178  16:05  Tempest x2  
  184  16:11  Pylon  
  178  16:22  Stalker  
  178  16:23  Stalker x3  
  186  16:37  Tempest  
  188  16:46  Photon Cannon, Tempest  
  188  16:48  Photon Cannon  
  188  16:49  Adept x3  
  188  16:50  Adept  
  188  16:52  Assimilator  
  197  16:54  Assimilator  
  197  17:04  Tempest  
  195  17:14  Tempest  
  200  17:26  Tempest  
  196  17:42  Tempest  
  189  17:51  Tempest  
  188  18:09  Nexus  
  188  18:15  Tempest  
  184  18:25  Tempest  
  175  18:50  Stalker x2  
  175  19:09  Tempest  
  151  19:31  High Templar x2  
  151  19:33  High Templar x2  
  151  19:37  Archon x2  
  159  19:43  Stalker  
  158  19:54  Pylon  
  159  20:15  Stalker x2  
  159  20:20  Adept  
  159  20:21  Adept x2  
  159  20:34  Oracle  
  150  20:54  Adept x2  
  150  20:55  Adept x2  
  158  21:02  Oracle  
  157  21:29  Oracle  
  157  21:32  Probe (Chrono Boost)  
  158  21:43  Probe (Chrono Boost)  
  86  23:06  Adept x3  
  86  23:09  Assimilator  
  86  23:11  Assimilator  
  86  23:12  Photon Cannon  
  92  23:13  Photon Cannon  
  89  23:22  Zealot x3  
  89  23:25  Probe (Chrono Boost)  
  91  23:34  Probe (Chrono Boost)  
  92  23:36  Probe (Chrono Boost)  
  93  23:45  Zealot x3  
  93  23:46  Probe x2 (Chrono Boost)  
  93  23:47  Pylon  
  101  24:02  Photon Cannon  
  96  24:19  Pylon  
  96  24:20  Pylon  
  82  25:07  Cybernetics Core  
Show
View Real Time Build Order
Export as new Build Order

KingLucky Protoss 

Build Orders:  

Get SALT Encoding   

  12  0:01  Probe (Chrono Boost)  
  13  0:11  Probe (Chrono Boost)  
  14  0:17  Pylon  
  14  0:22  Probe (Chrono Boost)  
  16  0:35  Probe (Chrono Boost), Gateway  
  16  0:41  Assimilator  
  16  0:46  Probe (Chrono Boost)  
  17  0:50  Assimilator  
  17  0:56  Probe (Chrono Boost)  
  18  1:07  Probe (Chrono Boost)  
  18  1:08  Gateway  
  19  1:18  Probe (Chrono Boost)  
  20  1:22  Cybernetics Core  
  20  1:28  Probe (Chrono Boost)  
  20  1:32  Pylon  
  21  1:43  Probe (Chrono Boost)  
  22  1:54  Probe (Chrono Boost)  
  23  1:59  Warp Gate, Stalker x2  
  27  2:10  Mothership Core (Chrono Boost)  
  27  2:15  Pylon  
  29  2:29  Stalker x2  
  34  2:37  Probe (Chrono Boost)  
  34  2:51  Probe (Chrono Boost)  
  35  3:05  Nexus  
  35  3:14  Probe (Chrono Boost)  
  35  3:16  Pylon  
  35  3:17  Sentry  
  38  3:26  Probe (Chrono Boost)  
  39  3:35  Sentry  
  39  3:38  Probe (Chrono Boost)  
  42  3:43  Robotics Facility  
  42  3:49  Probe (Chrono Boost)  
  42  3:53  Pylon  
  43  3:59  Probe (Chrono Boost)  
  43  4:00  Twilight Council  
  44  4:10  Probe (Chrono Boost)  
  46  4:17  Probe (Chrono Boost)  
  46  4:19  Sentry  
  46  4:20  Probe (Chrono Boost)  
  46  4:21  Blink  
  49  4:25  Forge  
  49  4:27  Probe (Chrono Boost)  
  51  4:32  Probe (Chrono Boost)  
  51  4:38  Probe (Chrono Boost)  
  52  4:41  Observer  
  52  4:45  Probe (Chrono Boost)  
  54  4:46  Protoss Ground Weapons Level 1  
  54  4:48  Probe (Chrono Boost)  
  54  4:51  Assimilator  
  55  4:53  Assimilator  
  55  4:57  Probe (Chrono Boost)  
  57  5:00  Probe (Chrono Boost)  
  57  5:06  Pylon  
  57  5:09  Probe (Chrono Boost)  
  57  5:12  Probe (Chrono Boost)  
  59  5:17  Immortal  
  64  5:21  Probe (Chrono Boost)  
  64  5:24  Pylon  
  64  5:25  Probe (Chrono Boost)  
  65  5:29  Stalker  
  65  5:33  Probe (Chrono Boost)  
  69  5:36  Gateway  
  69  5:37  Probe (Chrono Boost)  
  69  5:39  Stalker  
  71  5:45  Probe (Chrono Boost)  
  71  5:48  Gateway  
  71  5:49  Probe (Chrono Boost)  
  73  5:53  Pylon  
  73  5:55  Immortal  
  71  5:59  Sentry  
  71  6:02  Probe (Chrono Boost)  
  78  6:04  Sentry  
  81  6:12  Probe (Chrono Boost)  
  81  6:16  Resonating Glaives  
  80  6:22  Nexus  
  80  6:24  Probe (Chrono Boost), Protoss Ground Weapons Level 2  
  81  6:27  Pylon  
  81  6:31  Photon Cannon  
  81  6:32  Observer  
  82  6:34  Probe (Chrono Boost)  
  82  6:35  Sentry x2  
  87  6:42  Probe (Chrono Boost)  
  89  6:48  Probe (Chrono Boost)  
  89  6:54  Probe (Chrono Boost), Immortal  
  94  7:01  Probe (Chrono Boost)  
  94  7:10  Sentry  
  94  7:11  Gateway  
  94  7:12  Adept x2, Gateway  
  94  7:13  Adept  
  102  7:20  Pylon  
  102  7:31  Pylon  
  102  7:34  Adept  
  102  7:35  Probe (Chrono Boost), Adept x3, Warp Prism  
  113  7:46  Probe x2 (Chrono Boost)  
  113  7:48  Photon Cannon  
  115  7:53  Pylon  
  115  7:58  Adept x3  
  121  8:06  Pylon  
  121  8:10  Adept x3  
  129  8:20  Probe x2 (Chrono Boost), Photon Cannon, Protoss Ground Weapons Level 3  
  129  8:23  Photon Cannon  
  129  8:24  Dark Shrine  
  128  8:31  Probe (Chrono Boost), Assimilator  
  128  8:32  Probe (Chrono Boost)  
  130  8:34  Assimilator  
  130  8:52  Nexus  
  130  8:53  Robotics Bay  
  130  8:57  Robotics Facility  
  130  9:00  Adept x3  
  136  9:05  Adept x2  
  136  9:07  Sentry  
  142  9:10  Pylon  
  142  9:16  Probe x2 (Chrono Boost)  
  144  9:36  Dark Templar x4  
  152  9:41  Disruptor  
  152  9:51  Pylon  
  152  9:52  Disruptor  
  153  9:54  Assimilator  
  153  9:55  Assimilator  
  154  10:11  Zealot  
  154  10:12  Zealot, Disruptor  
  158  10:19  Gateway  
  158  10:20  Gateway  
  161  10:23  Photon Cannon  
  161  10:24  Gateway, Disruptor  
  161  10:26  Photon Cannon  
  161  10:29  Pylon  
  161  10:34  Stargate  
  164  10:54  Disruptor  
  164  10:55  Disruptor  
  156  11:20  Nexus  
  156  11:24  Protoss Ground Armor Level 1  
  156  11:25  Disruptor  
  150  11:26  Disruptor  
  150  11:36  Oracle  
  151  11:49  Dark Templar x2  
  151  11:50  Dark Templar  
  151  11:51  Zealot x2  
  161  11:58  Disruptor  
  161  12:00  Disruptor  
  165  12:12  Fleet Beacon  
  165  12:17  Assimilator  
  165  12:19  Assimilator  
  165  12:22  Pylon  
  165  12:24  Pylon  
  165  12:27  Oracle  
  165  12:34  Probe x2 (Chrono Boost)  
  165  12:35  Mothership Core (Chrono Boost)  
  172  12:40  Disruptor  
  167  12:45  Disruptor  
  167  12:46  Probe (Chrono Boost)  
  167  12:48  Zealot x3  
  167  12:49  Zealot x3  
  184  12:57  Tempest  
  174  13:00  Stargate  
  174  13:03  Probe (Chrono Boost)  
  174  13:04  Probe x2 (Chrono Boost)  
  175  13:08  Probe (Chrono Boost)  
  176  13:13  Stalker x4  
  176  13:16  Nexus  
  184  13:30  Probe (Chrono Boost)  
  184  13:32  Probe (Chrono Boost)  
  186  13:49  Tempest  
  186  13:50  Pylon  
  186  13:51  Pylon  
  186  14:00  Tempest  
  186  14:07  Disruptor  
  186  14:08  Disruptor  
  157  14:26  Assimilator  
  157  14:27  Tempest  
  157  14:31  Zealot x3  
  157  14:32  Zealot x2  
  171  14:43  Disruptor  
  168  14:52  Tempest  
  162  15:00  Zealot  
  162  15:04  Disruptor  
  162  15:05  Tempest  
  164  15:12  Nexus  
  170  15:29  Tempest  
  169  15:37  Disruptor  
  169  15:39  Adept  
  169  15:40  Adept x3  
  169  15:42  Disruptor  
  155  15:58  Adept x2, Tempest  
  155  15:59  Probe x2 (Chrono Boost), Adept x2  
  151  16:07  Oracle  
  151  16:13  Stalker x4  
  156  16:38  Tempest  
  156  16:39  Tempest  
  164  16:47  Dark Templar x2  
  163  17:06  Dark Templar  
  165  17:11  Warp Prism  
  161  17:16  Tempest  
  161  17:20  Probe x2 (Chrono Boost)  
  167  17:26  Adept x3  
  163  17:39  Nexus  
  161  17:48  Oracle  
  164  18:08  Tempest  
  168  18:22  Disruptor  
  168  18:27  Pylon, Disruptor  
  168  18:33  Tempest  
  174  18:45  Tempest  
  154  18:58  Stalker x5  
  154  19:01  Probe (Chrono Boost)  
  156  19:03  Probe (Chrono Boost), Assimilator  
  156  19:05  Assimilator  
  151  19:14  Disruptor  
  145  19:23  Stalker x2  
  144  19:28  Zealot x5  
  144  19:29  Zealot x2  
  158  19:32  Probe (Chrono Boost)  
  158  19:33  Probe (Chrono Boost)  
  160  19:40  Protoss Air Weapons Level 1  
  157  19:48  Tempest  
  161  20:02  Stalker  
  161  20:03  Stalker x3  
  169  20:08  Oracle  
  166  20:31  Tempest  
  166  20:35  Nexus  
  168  20:45  Zealot x6  
  168  20:46  Zealot  
  168  20:47  Tempest  
  163  21:08  Tempest  
  155  21:13  Stargate  
  155  21:15  Stargate  
  157  21:20  Zealot x2  
  161  21:25  Tempest  
  161  21:46  Oracle  
  135  21:59  Stalker x3  
  135  22:00  Zealot x3  
  135  22:01  Dark Templar  
  116  22:08  Tempest  
  95  22:32  Stalker  
  95  22:33  Stalker x3  
  80  22:50  Stalker  
  80  22:51  Zealot x2, Stalker x2  
  78  23:00  Zealot x2  
  78  23:01  Zealot x2  
  74  23:15  Stalker  
  74  23:16  Stalker x2  
  74  23:26  Zealot x2  
  70  23:36  Dark Templar  
  69  24:05  Gateway  
  69  24:07  Gateway  
  69  24:11  Gateway  
  67  24:36  Probe (Chrono Boost)  
  66  24:39  Probe (Chrono Boost)  
  63  24:47  Probe (Chrono Boost)  
  56  24:57  Pylon x2  
  56  24:58  Probe (Chrono Boost)  
  56  24:59  Probe (Chrono Boost)  
  34  25:01  Pylon  
  30  25:08  Probe (Chrono Boost)  
  30  25:10  Pylon  
  30  25:19  Probe (Chrono Boost)  
Tags
 
Add a new tag
Caveats
  • Supply blocks, unpowered buildings, or Contaminate may cause inaccurate times.
  • Supply counts are checked every 10 seconds.